 Dungeon Crawl Stone Soup version 0.30-a0-377-g5cb311bc9f (webtiles) character file.

Game seed: 15023060090307499662

5387 Conn the Arsonist (level 10, 0/60 HPs)
             Began as an Octopode Fire Elementalist on Nov 27, 2022.
             Was a Believer of Sif Muna.
             Succumbed to a killer bee's poison
             ... on level 9 of the Dungeon.
             The game lasted 00:33:58 (9347 turns).

Conn the Arsonist (Octopode Fire Elementalist)      Turns: 9347, Time: 00:34:00

Health: 0/60       AC:  1    Str: 21    XL:     10   Next: 66%
Magic:  19/31      EV: 14    Int: 20    God:    Sif Muna [**....]
Gold:   362        SH:  0    Dex: 19    Spells: 1/25 levels left

rFire   . . .      SeeInvis +    m - +2 dagger (drain)
rCold   + . .      Faith    +    (no shield)
rNeg    + . .      Spirit   .    (helmet restricted)
rPois   .          Reflect  .    v - amulet of faith
rElec   .          Harm     .    b - +6 ring of strength
rCorr   .          Rampage  .    h - ring of wizardry
Will    .....                    f - ring of see invisible
Stlth   ++++......               x - ring of positive energy
HPRegen 0.30/turn                A - ring "Duotut" {rC+ Str+8 Int-2 Dex+6}
MPRegen 0.22/turn                c - ring of magical power
                                 (no ring)
                                 (no ring)

@: lethally poisoned (0 -> -8), about to teleport
A: almost no armour, amphibious, 8 rings, camouflage 1, gelatinous body 1,
(nimble swimmer 1), tentacles
a: Renounce Religion, Channel Magic


You were on level 9 of the Dungeon.
You worshipped Sif Muna.
Sif Muna was pleased with you.
You visited 2 branches of the dungeon, and saw 10 of its levels.
You also visited: Bailey.

You collected 527 gold pieces.
You spent 165 gold pieces at shops.

Inventory:

Hand Weapons
 i - a +0 dagger
 m - a +2 dagger of draining (weapon)
Missiles
 r - 4 silver javelins
 E - a throwing net
Jewellery
 b - a +6 ring of strength (left tentacle)
 c - a ring of magical power (on tentacle)
 f - a ring of see invisible (on tentacle)
 h - a ring of wizardry (right tentacle)
 v - an amulet of faith (around mantle)
 x - a ring of positive energy (on tentacle)
 A - the ring "Duotut" (on tentacle) {rC+ Str+8 Int-2 Dex+6}
   (You acquired it in a bailey)

   [ring of dexterity]

   Str:       It affects your strength (+8).
   Int:       It affects your intelligence (-2).
   Dex:       It affects your dexterity (+6).
   rC:        It protects you from cold.
Wands
 n - a wand of flame (10)
 q - a wand of polymorph (2)
 y - a wand of paralysis (2)
Scrolls
 e - a scroll of teleportation
 g - 4 scrolls of butterflies
 k - 2 scrolls of vulnerability
 s - 3 scrolls of identify
 u - a scroll of enchant weapon
 w - 2 scrolls of immolation
 z - a scroll of enchant armour
 B - a scroll of magic mapping
Potions
 a - 2 potions of magic
 j - a potion of degeneration {unknown}
 l - a potion of heal wounds {unknown}
 p - a potion of attraction {unknown}
 t - a potion of mutation {unknown}
 D - a potion of haste {unknown}


   Skills:
 + Level 1.8 Fighting
 + Level 2.0 Short Blades
 + Level 3.4 Dodging
 + Level 5.9 Stealth
 + Level 8.4 Spellcasting
 + Level 5.6 Conjurations
 + Level 2.1 Hexes
 + Level 1.0 Translocations
 + Level 8.5 Fire Magic
 * Level 2.7 Ice Magic
 + Level 1.2 Air Magic
 * Level 3.9 Invocations
 + Level 0.3 Evocations


You had one spell level left.
You knew the following spells:

 Your Spells              Type           Power      Damage    Failure   Level
a - Foxfire               Conj/Fire      100%       2x1d9     1%          1
b - Kindle Blastsparks    Fire/Tloc/Air  44%        2d13      2%          3
c - Inner Flame           Hex/Fire       29%        N/A       1%          3
d - Flame Wave            Conj/Fire      36%        2d10      1%          4
e - Scorch                Fire           84%        2d9       1%          2
f - Swiftness             Air            13%        N/A       6%          3
g - Stone Arrow           Conj/Erth      38%        3d9       3%          3
h - Metabolic Englaciati  Hex/Ice        9%         N/A       32%         5

Your spell library contained the following spells:

 Spells                   Type           Power      Damage    Failure   Level
 Slow                     Hex            68%        N/A       1%          1
 Sandblast                Erth           16%        2d6       3%          1
 Ensorcelled Hibernation  Hex/Ice        36%        N/A       1%          2
 Passwall                 Tmut/Erth      6%         N/A       4%          2
 Sublimation of Blood     Necr           8%         N/A       4%          2
 Confusing Touch          Hex            17%        N/A       4%          3
 Vampiric Draining        Necr           8%         2d6       10%         3
 Irradiate                Conj/Tmut      9%         3d14      26%         5
 Petrify                  Tmut/Erth      8%         N/A       32%         4
 Alistair's Intoxication  Tmut/Pois      5%         N/A       63%         5
 Borgnjor's Vile Clutch   Necr/Erth      4%         N/A       63%         5
 Eringya's Noxious Bog    Tmut/Pois      4%         N/A       99%         6
 Statue Form              Tmut/Erth      5%         N/A       99%         6


Dungeon Overview and Level Annotations

Branches:
Dungeon (9/15)             Temple (1/1) D:5            Lair (0/5) D:8
 Bailey (visited)
    Orc: D:9-12

Altars:
Ashenzari
Elyvilon
Kikubaaqudgha
Okawaru
Qazlal
Sif Muna
Trog
Vehumet
Yredelemnul
The Shining One

Shops:
D:4 =   D:6 :

Annotations:
D:6 2 transporters, Menkaure


Innate Abilities, Weirdness & Mutations

You cannot wear most types of armour.
You are amphibious.
You can wear up to eight rings at the same time.
Your skin changes colour to match your surroundings (Stealth+).
Your rubbery body absorbs attacks. (AC +1, EV +1)
((You are camouflaged when in or above water. (Stealth+)))
You have tentacles for arms and can constrict up to eight enemies at once.


Message History

The orc is engulfed in blazing flames.
Sif Muna accepts your kill.
The orc explodes!
The fiery explosion engulfs the orc warrior!!
The orc warrior is severely wounded.
The orc warrior is engulfed in blazing flames.
You hear two shouts!
You hear a shout!
The orc warrior is engulfed in blazing flames.
You kill the orc warrior!
Sif Muna accepts your kill.
You hear a shout!
Found 11 gold pieces.
A wraith comes into view.
Your orc wizard dissolves into shadows! 5 killer bees come into view.
The killer bee buzzes angrily. x4
Casting: Foxfire (safe; 1% risk of failure)
Confirm with . or Enter, or press ? or * to list all spells.
Okay, then.
As you read the scroll of teleportation, it crumbles to dust.
You feel strangely unstable.
The killer bee attacks as you move away!
The killer bee stings you but does no damage.
The killer bee stings you!
* * * LOW HITPOINT WARNING * * *
Okay, then.
Okay, then.
Unknown command.
Unknown command.
Unknown command.
The killer bee attacks as you move away!
The killer bee misses you. The killer bee barely misses you.
The killer bee attacks as you move away!
The killer bee barely misses you.
The killer bee attacks as you move away!
The killer bee stings you!
* * * LOW HITPOINT WARNING * * *
You are lethally poisoned!
The killer bee poisons you!
You die...

#.........
#.........
#.........
#.........
#....y..y.
#y.# ..
#yy# ...
#.y# ....
#@.#
....##..#
........#
........#
........#
........#
#.....
........#
...###.....
........#
..... .)...
........#
#.... .....


You could see 4 killer bees.

Vanquished Creatures
  An orc warlord (Bailey)
  Sigmund (D:2)
  A wyvern (D:8)
  2 basilisks (D:8)
  2 steam dragons
  2 water moccasins
  14 orc warriors
  An ice beast (D:6)
  A sky beast (D:7)
  3 ogres
  A kobold brigand (D:8)
  A bullfrog (D:7)
  3 scorpions
  3 wights (D:7)
  2 electric eels (D:8)
  2 howler monkeys
  4 jellies
  5 hounds
  2 orc priests
  3 iguanas
  3 orc wizards
  3 gnolls (Bailey)
  11 adders
  A shadow imp (D:5)
  A white imp (D:7)
  An ufetubus (D:5)
  3 dart slugs
  33 orcs
  6 ball pythons
  4 endoplasms
  2 giant cockroaches
  20 goblins
  16 hobgoblins
  6 jackals
  10 kobolds
  A quokka (D:5)
  8 bats
  4 frilled lizards
  2 rats
189 creatures vanquished.

Vanquished Creatures (collateral kills)
  A warg (D:9)
  6 killer bees (D:9)
  2 orcs (D:9)
  2 kobolds (D:9)
  3 foxfires
14 creatures vanquished.

Vanquished Creatures (others)
  2 orcs (D:4)
  604 foxfires
  33 plants
639 creatures vanquished.

Grand Total: 842 creatures vanquished

Notes
Turn   | Place    | Note
-------+----------+-------------------------------------------
     0 | D:1      | Conn the Octopode Fire Elementalist began the quest for the
                  | Orb.
     0 | D:1      | Reached XP level 1. HP: 11/11 MP: 3/3
     2 | D:1      | Noticed a meteoran
     2 | D:1      | Noticed a demigod
     4 | D:1      | Noticed a gargoyle
     4 | D:1      | Noticed an elf
     6 | D:1      | Noticed a felid
     6 | D:1      | Noticed a vine stalker
     8 | D:1      | Noticed an armataur
    10 | D:1      | Noticed a draconian
    10 | D:1      | Noticed a human
    12 | D:1      | Noticed a minotaur
    12 | D:1      | Noticed a spriggan
    14 | D:1      | Noticed a formicid
    14 | D:1      | Noticed a merfolk
    16 | D:1      | Noticed a ghoul
    18 | D:1      | Noticed a demonspawn
    18 | D:1      | Noticed a tengu
    20 | D:1      | Noticed a troll
    20 | D:1      | Noticed a vampire
    22 | D:1      | Noticed an octopode
    22 | D:1      | Noticed an ogre
    26 | D:1      | Noticed a vine stalker
    26 | D:1      | Noticed a spriggan
   394 | D:1      | Reached XP level 2. HP: 16/17 MP: 0/5
   460 | D:1      | Learned a level 2 spell: Scorch
   954 | D:1      | Found a faded altar of an unknown god.
  1138 | D:2      | Noticed Sigmund
  1143 | D:2      | Killed Sigmund
  1144 | D:2      | Reached XP level 3. HP: 12/21 MP: 0/7
  1144 | D:2      | Reached XP level 4. HP: 16/27 MP: 0/8
  1144 | D:2      | Reached XP level 5. HP: 18/31 MP: 0/9
  1226 | D:1      | Learned a level 3 spell: Kindle Blastsparks
  1230 | D:1      | Learned a level 3 spell: Inner Flame
  1767 | D:2      | Identified the +3 chain mail of Atebrico {Int+3}
  2310 | D:3      | Found a bloodstained altar of Trog.
  2319 | D:3      | Reached XP level 6. HP: 36/36 MP: 7/11
  2924 | D:4      | Reached skill level 1 in Short Blades
  3060 | D:4      | Reached XP level 7. HP: 33/41 MP: 1/12
  3173 | D:4      | Found Coeclup's Jewellery Shop.
  3223 | D:4      | Bought a ring of see invisible for 165 gold pieces
  3669 | D:4      | Reached skill level 5 in Stealth
  3669 | D:4      | Reached skill level 5 in Fire Magic
  3844 | D:5      | Entered Level 5 of the Dungeon
  3887 | D:5      | Reached skill level 1 in Fighting
  4608 | D:5      | Reached XP level 8. HP: 28/48 MP: 3/15
  4897 | D:5      | Reached skill level 5 in Spellcasting
  5038 | D:5      | Found a staircase to the Ecumenical Temple.
  5047 | Temple   | Entered the Ecumenical Temple
  5055 | Temple   | Became a worshipper of Sif Muna the Loreminder
  5814 | D:6      | HP: 2/48 [steam dragon (3)]
  6014 | D:6      | Found Vakh's Tremendous Tomes.
  6142 | D:6      | Found a transporter.
  6146 | D:6      | Found a basalt altar of Yredelemnul.
  6148 | D:6      | Noticed Menkaure
  6150 | D:6      | Found a transporter.
  6196 | D:6      | Noticed a wraith
  6211 | D:6      | Found an ancient bone altar of Kikubaaqudgha.
  6231 | D:6      | Learned a level 4 spell: Flame Wave
  6235 | D:6      | Learned a level 3 spell: Swiftness
  6399 | D:6      | Reached XP level 9. HP: 53/53 MP: 13/18
  6921 | D:6      | Learned a level 3 spell: Stone Arrow
  6999 | D:7      | Found a flagged portal.
  7008 | Bailey   | Entered a bailey
  7110 | Bailey   | Reached * piety under Sif Muna
  7308 | Bailey   | Reached skill level 5 in Conjurations
  7511 | Bailey   | Reached skill level 1 in Hexes
  7670 | Bailey   | Acquired the ring "Duotut" {rC+ Str+8 Int-2 Dex+6}
  7706 | Bailey   | Noticed an orc warlord
  7777 | Bailey   | Killed an orc warlord
  7778 | Bailey   | Reached skill level 1 in Translocations
  7778 | Bailey   | Reached skill level 1 in Air Magic
  7778 | Bailey   | Reached XP level 10. HP: 31/60 MP: 6/21
  8196 | D:7      | Reached ** piety under Sif Muna
  8508 | D:7      | Learned a level 5 spell: Metabolic Englaciation
  8989 | D:8      | Found a staircase to the Lair.
  8989 | D:8      | Noticed an elephant
  9151 | D:8      | Reached skill level 1 in Ice Magic
  9300 | D:9      | Noticed a kobold demonologist
  9303 | D:9      | Noticed a smoke demon
  9347 | D:9      | HP: 2/60 [killer bee (9)]
  9347 | D:9      | Succumbed to a killer bee's poison

Illustrated notes

Levels and vault maps discovered:
D:1:      kb_arrival_jail, layout_basic, serial_forest, infiniplex_forest_split,
          infiniplex_forest_lined_3, infiniplex_forest_clump_long,
          infiniplex_forest_zigzag_2, infiniplex_forest_lined_room_2,
          shapermc_ecumenical_altar_totnotflames, roderic_lattice_a
D:2:      layout_loops_ring, uniq_sigmund
D:3:      layout_basic, mainiacjoe_overflow_chevrons
D:4:      layout_basic, serial_shops, nicolae_shop_trees,
          kennysheep_generic_room_14
D:5:      layout_layer_cave, temple_hall, kennysheep_generic_room_12
D:6:      layout_rooms, gammafunk_temple_of_torment, minmay_misc_feat_tower,
          nicolae_shop_i_like_big_books
D:7:      layout_basic, enter_bailey_5, nicolae_kite_square_tiling_tiny
D:8:      layout_rooms, david_lair_generic, nrook_mini_vaults,
          serial_bayou_ford_a, kennysheep_donut
D:9:      layout_long_grid, david_orc_3
Temple:   hellmonk_temple_of_storms

Skill      XL: |  1  2  3  4  5  6  7  8  9 10 |
---------------+-------------------------------+-----
Stealth        | 3 4 5 |  5.9
Spellcasting   | 3 4 6 7 8 |  8.4
Conjurations   | 2 3 4 5 |  5.6
Fire Magic     | 4 5 6 8 |  8.5
Short Blades   | 1 2 |  2.0
Fighting       | 1 |  1.8
Dodging        | 3 |  3.4
Hexes          | 2 |  2.1
Translocations | 1 |  1.0
Air Magic      | 1 |  1.2
Invocations    | 2 3 |  3.9
Ice Magic      | 2 |  2.7
Evocations     | |  0.3

Action                   |  1- 3 |  4- 6 |  7- 9 | 10-12 || total
-------------------------+-------+-------+-------+-------++-------
Melee: Unarmed           |     6 |       |       |       ||     6
       Constrict         |     1 |     3 |    12 |       ||    16
       Tentacles         |     1 |     2 |     8 |     1 ||    12
       Punch             |     1 |       |       |       ||     1
       Dagger            |     2 |    26 |    34 |     3 ||    65
 Cast: Foxfire           |    33 |    62 |   198 |    59 ||   352
       Scorch            |     2 |     7 |    30 |    15 ||    54
       Kindle Blastspark |       |       |     8 |     5 ||    13
       Flame Wave        |       |       |     1 |     4 ||     5
       Inner Flame       |       |       |    14 |     6 ||    20
       Swiftness         |       |       |     1 |     1 ||     2
Invok: Channel Magic     |       |       |     1 |       ||     1
Evoke: Wand              |       |       |     2 |       ||     2
  Use: Potion            |       |     3 |       |       ||     3
       Scroll            |       |       |     2 |    15 ||    17
 Stab: Sleeping          |     1 |     8 |     1 |     1 ||    11
       Invisible         |       |     2 |       |       ||     2
       Distracted        |       |     1 |       |       ||     1
       Paralysed         |       |       |     2 |       ||     2
Armor: Skin              |       |    26 |       |     3 ||    29
Dodge: Dodged            |     3 |    13 |    38 |    14 ||    68

Table legend: (Time is in decaauts)
 A = Elapsed time spent in this place.
 B = Non-inter-level travel time spent in this place.
 C = Inter-level travel time spent in this place.
 D = Time resting spent in this place.
 E = Time spent auto-exploring this place.
 F = Levels seen in this place.
 G = Mean time per level.
                   A        B        C        D        E       F      G
               +--------+--------+--------+--------+--------+-----+--------+
         Total |   9341 |   9224 |    117 |    549 |   6354 |  11 |  849.2 |
       Dungeon |   8250 |   8133 |    117 |    438 |   5778 |   9 |  916.7 |
        Temple |     15 |     15 |      0 |      0 |      0 |   1 |   15.0 |
        Bailey |   1075 |   1075 |      0 |    111 |    576 |   1 | 1075.0 |
               +--------+--------+--------+--------+--------+-----+--------+

Top non-repeatable levels by time:
     D:5: 2054 daAuts
     D:1: 1223 daAuts
  Bailey: 1075 daAuts
     D:4: 989 daAuts
     D:6: 915 daAuts
     D:7: 872 daAuts
     D:3: 817 daAuts
     D:2: 809 daAuts
     D:8: 513 daAuts
     D:9: 55 daAuts
  Temple: 15 daAuts
